 Dungeon Crawl Stone Soup version 0.27.1-33-g824d729ab1 (webtiles) character file.

Game seed: 1610819872474465565

181208 raph the Devastator (level 17, -4/96 HPs)
             Began as a Deep Elf Fire Elementalist on Dec 20, 2021.
             Was the Champion of Vehumet.
             Slain by a tentacle (14 damage)
             ... attached to a kraken
             ... on level 1 of the Shoals.
             The game lasted 01:23:50 (39587 turns).

raph the Devastator (Deep Elf Fire Elementalist)   Turns: 39587, Time: 01:23:51

Health: -4/96      AC: 18    Str:  5    XL:     17   Next: 67%
Magic:  25/46      EV: 17    Int: 36    God:    Vehumet [******]
Gold:   154        SH:  5    Dex: 15    Spells: 1/45 levels left

rFire    + + +     SeeInvis .   b - +4 war axe "Nailleush" {freeze, Fly}
rCold    + . .     Faith    +   m - +0 buckler {reflect}
rNeg     . . .     Spirit   .   B - +1 steam dragon scales
rPois    +         Reflect  +   I - +2 hood of the Assassin {Detection Stab+ Stlth++}
rElec    .         Harm     .   D - +2 cloak {rCorr}
rCorr    +         Rampage  .   X - +0 pair of gloves of Urovinywk {rPois Regen+}
Will     +....                  O - +2 pair of boots {Stlth+}
Stlth    +++++.....             n - amulet of faith
HPRegen  1.26/turn              L - ring of Siuqon {rF+++ rC+ MP+9 Int+2}
MPRegen  0.30/turn              s - +6 ring of intelligence

@: about to teleport, flying
A: no striking features
a: Renounce Religion


You were on level 1 of the Shoals.
You worshipped Vehumet.
Vehumet was exalted by your worship.
You visited 4 branches of the dungeon, and saw 24 of its levels.
You also visited: Volcano.

You collected 3314 gold pieces.
You spent 3160 gold pieces at shops.

Inventory:

Hand Weapons
 b - the +4 war axe "Nailleush" (weapon) {freeze, Fly}
   (You found it on level 9 of the Dungeon)

   It freezes those it strikes, dealing additional cold damage.
   It can also slow down cold-blooded creatures.
   Fly:       It grants you flight.
 C - the +8 broad axe of Taenepp {freeze, rF+ rCorr Int+3}
   (You took it off a centaur on level 11 of the Dungeon)

   It freezes those it strikes, dealing additional cold damage.
   It can also slow down cold-blooded creatures.
   Int:       It affects your intelligence (+3).
   rF:        It protects you from fire.
   rCorr:     It protects you from acid and corrosion.
Missiles
 A - 4 throwing nets
Armour
 h - a +1 pair of gloves of dexterity
 i - a +1 robe of the Archmagi
 m - a +0 buckler of reflection (worn)
 B - +1 steam dragon scales (worn)
 D - a +2 cloak of preservation (worn)
 I - the +2 hood of the Assassin (worn) {Detection Stab+ Stlth++}
   (You found it on level 11 of the Dungeon)

   It allows the wearer to sense nearby creatures.
   It allows the wearer to make particularly effective stabbing attacks against
   helpless or unaware enemies with any weapon.
   Stlth:     It makes you much more stealthy.
 O - a +2 pair of boots of stealth (worn)
 X - the +0 pair of gloves of Urovinywk (worn) {rPois Regen+}
   (You bought it in a shop on level 14 of the Dungeon)

   rPois:     It protects you from poison.
   Regen:     It increases your rate of health regeneration.
Magical Staves
 a - a staff of conjuration
 w - a staff of fire
Jewellery
 j - a ring of see invisible
 l - a ring of fire
 n - an amulet of faith (around neck)
 s - a +6 ring of intelligence (right hand)
 G - an amulet of guardian spirit
 L - the ring of Siuqon (left hand) {rF+++ rC+ MP+9 Int+2}
   (You acquired it on level 3 of the Lair of Beasts)

   [ring of magical power]

   Int:       It affects your intelligence (+2).
   rF:        It renders you almost immune to fire.
   rC:        It protects you from cold.
   MP:        It affects your magic capacity (+9).
 V - an amulet of regeneration
 Z - the ring of Moral Flaws {Drain rPois rC+ Dex+3}
   (You took it off a centaur warrior on level 11 of the Dungeon)

   [ring of protection from cold]

   Dex:       It affects your dexterity (+3).
   rC:        It protects you from cold.
   rPois:     It protects you from poison.
   Drain:     It drains your maximum health when unequipped.
Wands
 o - a wand of flame (71)
 q - a wand of acid (17)
 v - a wand of polymorph (8)
 E - a wand of iceblast (4)
 J - a wand of charming (11)
 P - a wand of digging (7)
 S - a wand of mindburst (12)
Scrolls
 e - 12 scrolls of teleportation
 f - 2 scrolls of amnesia
 k - 6 scrolls of identify
 p - 4 scrolls of magic mapping
 x - 4 scrolls of enchant weapon
 y - a scroll of fear
 K - 3 scrolls of immolation
 M - a scroll of fog
 R - 2 scrolls of blinking
Potions
 c - 6 potions of brilliance
 d - 2 potions of mutation
 g - 4 potions of flight
 r - 2 potions of ambrosia
 u - 11 potions of curing
 z - 5 potions of invisibility
 F - 7 potions of heal wounds
 H - 3 potions of cancellation
 N - a potion of magic
 Q - a potion of haste
 T - a potion of might
 Y - 4 potions of resistance
Miscellaneous
 U - a condenser vane
 W - a box of beasts


   Skills:
 + Level 7.6 Fighting
 + Level 9.1 Staves
 + Level 8.5 Armour
 + Level 11.0 Dodging
 - Level 2.4 Stealth
 - Level 4.0 Shields
 + Level 14.9 Spellcasting
 * Level 15.5 Conjurations
 + Level 9.1 Hexes
 + Level 12.9 Fire Magic
 + Level 8.8 Air Magic
 - Level 7.6 Evocations


You had one spell level left.
You knew the following spells:

 Your Spells              Type           Power      Damage    Failure   Level
a - Foxfire               Conj/Fire      100%       2x1d9     0%          1
b - Conjure Flame         Conj/Fire      92%        6-21      0%          3
c - Sticky Flame          Conj/Fire      92%        2d10      1%          4
d - Fireball              Conj/Fire      46%        3d18      1%          5
e - Dazzling Flash        Conj/Hex       100%       N/A       1%          3
f - Animate Skeleton      Necr           52%        N/A       1%          1
g - Lightning Bolt        Conj/Air       43%        1d62      1%          5
h - Orb of Destruction    Conj           47%        9d15      1%          7
i - Freezing Cloud        Conj/Ice/Air   35%        6-21      1%          5
j - Iskenderun's Mystic   Conj/Tloc      70%        2d14      1%          4
k - Apportation           Tloc           52%        N/A       1%          1
l - Metabolic Englaciati  Hex/Ice        28%        N/A       6%          5

Your spell library contained the following spells:

 Spells                   Type           Power      Damage    Failure   Level
 Iskenderun's Battlesphe  Conj           95%        2d14      1%          5
 Corona                   Hex            83%        N/A       1%          1
 Freeze                   Ice            100%       1d11      1%          1
 Sandblast                Erth           52%        2d12      1%          1
 Summon Small Mammal      Summ           100%       N/A       1%          1
 Static Discharge         Conj/Air       86%        N/A       0%          2
 Ignite Poison            Fire/Tmut/Pois 55%        N/A       1%          3
 Inner Flame              Hex/Fire       82%        N/A       1%          3
 Mephitic Cloud           Conj/Pois/Air  71%        N/A       1%          3
 Tukima's Dance           Hex            75%        N/A       1%          3
 Cause Fear               Hex            37%        N/A       1%          4
 Bolt of Magma            Conj/Fire/Erth 38%        4d16      1%          5
 Silence                  Hex/Air        37%        N/A       1%          5
 Yara's Violent Unravell  Hex/Tmut       28%        3d12      1%          5
 Starburst                Conj/Fire      46%        6d13      1%          6
 Blink                    Tloc           N/A        N/A       2%          2
 Lesser Beckoning         Tloc           13%        N/A       4%          3
 Ozocubu's Armour         Ice            26%        N/A       4%          3
 Animate Armour           Summ/Erth      52%        N/A       14%         4
 Dispel Undead            Necr           26%        3d13      14%         4
 Passage of Golubria      Tloc           N/A        N/A       14%         4
 Manifold Assault         Tloc           26%        N/A       36%         5
 Maxwell's Capacitive Co  Air            37%        ∞         50%         8
 Simulacrum               Ice/Necr       13%        N/A       91%         6
 Discord                  Hex            37%        N/A       91%         8
 Ozocubu's Refrigeration  Ice            13%        4d7       94%         7
 Dragon's Call            Summ           13%        N/A       100%        9
 Polar Vortex             Ice            13%        N/A       100%        9


Dungeon Overview and Level Annotations

Branches:
Dungeon (15/15)            Temple (0/1) D:5            Lair (6/6) D:10
 Shoals (1/4) Lair:3        Snake (0/4) Lair:2        Slime (0/5) Lair:6
    Orc (2/2) D:10            Elf (0/3) Orc:2        Vaults (0/5) D:13
 Depths (0/5) D:15        Volcano (visited)

Altars:
Cheibriados
Dithmenos
Elyvilon
Makhleb
Qazlal
Sif Muna
Uskayaw
Vehumet
Wu Jian
Xom
Zin

Shops:
D:6 *   D:7 *   D:14 *   D:15 (!*[   Orc:1 *   Orc:2 (!*(?[!

Portals:
Trove: D:13 (show abyssal rune of Zot)

Annotations:
D:5 2 transporters, madmanarnold's ghost, novice FoFi
D:11 1 runed translucent door, Garym's ghost, journeyman MiGl
D:12 1 runed translucent door
Lair:3 1 runed translucent door, dragonscale333's ghost, journeyman DjIE


Message History

Confirm with . or Enter, or press ? or * to list all spells.
Aiming: Fireball (safe; 1% risk of failure)
Press: ? - help, Shift-Dir - straight line, f/p - kraken
Aim: a kraken (steam, water, lightly wounded)
The fireball explodes!
The fireball engulfs the kraken!
The kraken is moderately wounded.
Casting: Fireball (safe; 1% risk of failure)
Confirm with . or Enter, or press ? or * to list all spells.
Aiming: Fireball (safe; 1% risk of failure)
Press: ? - help, Shift-Dir - straight line, f/p - kraken
Aim: a kraken (steam, water, moderately wounded)
The fireball explodes!
The fireball engulfs the kraken!!
The kraken is moderately wounded.
The kraken is engulfed in a cloud of scalding steam.
The kraken barely misses you.
Casting: Fireball (safe; 1% risk of failure)
Confirm with . or Enter, or press ? or * to list all spells.
Aiming: Sticky Flame (safe; 1% risk of failure)
Press: ? - help, Shift-Dir - straight line, f/p - kraken
Aim: a kraken (steam, water, moderately wounded, 100% to hit)
The sticky flame hits the kraken but does no damage.
The kraken is moderately wounded.
The kraken is covered in liquid flames!
The flames covering the kraken go out.
The kraken stops burning.
The kraken is engulfed in a cloud of scalding steam.
The kraken bites you!!
Tentacles burst out of the water! 4 tentacles come into view.
A tentacle segment bursts forth from the water.
As you read the scroll of teleportation, it crumbles to dust.
You feel strangely unstable. The tentacle misses you. x2
The tentacle slaps you! The tentacle barely misses you. The kraken bites you!!
The tentacle misses you. The tentacle completely misses you.
The tentacle slaps you but does no damage.
The tentacle slaps you!!
* * * LOW HITPOINT WARNING * * *
The tentacle barely misses you. The tentacle slaps you!
* * * LOW HITPOINT WARNING * * *
The tentacle slaps you!
You die...

≈≈≈≈≈.≈≈P.≈≈≈P≈≈≈≈≈≈≈≈≈≈≈≈≈#
≈≈≈≈≈...P.≈≈≈≈≈≈≈≈≈≈≈≈≈≈≈≈≈#
≈≈≈≈≈.....P≈PP≈≈≈≈≈≈≈≈≈≈≈≈≈#
≈≈≈≈≈.....≈≈PP≈≈≈≈≈≈≈≈≈≈≈≈≈#
≈≈≈≈....≈≈≈≈≈≈≈≈≈≈≈≈≈≈≈≈≈≈≈#
≈≈≈≈≈.≈.≈≈≈≈P≈≈≈≈≈≈≈≈≈≈≈≈≈≈#
≈≈≈≈≈≈≈≈≈≈≈≈≈P≈≈≈≈≈≈≈≈≈≈≈≈≈#
≈≈.≈≈≈≈≈≈≈≈≈≈P≈≈≈w≈≈≈≈≈≈≈≈≈#
...≈≈≈≈≈≈≈≈≈≈PP≈@w≈≈≈≈≈≈≈≈≈#
....≈≈≈≈≈≈≈≈≈P≈w≈≈≈≈≈≈≈≈≈≈≈#
.##...≈≈≈≈≈≈≈≈≈≈≈≈≈≈≈≈≈≈≈≈≈#
.##..≈..≈≈≈≈≈≈≈≈≈≈X≈≈≈≈≈≈≈≈#
.≈[≈≈≈≈.≈≈≈≈≈≈≈≈≈≈≈≈≈≈≈≈≈≈≈#
..≈≈≈≈≈≈≈≈≈≈≈≈≈≈≈≈≈≈≈≈≈≈≈≈≈#
≈≈≈≈≈≈≈≈≈≈≈≈≈≈≈≈≈≈≈≈≈≈≈≈≈≈≈#
≈≈≈≈≈≈≈≈≈≈≈≈≈≈≈≈≈≈≈≈≈≈≈≈≈≈≈#
≈≈≈≈≈≈≈≈≈≈≈≈≈≈≈≈≈≈≈≈≈≈≈≈≈≈≈#


You could see a kraken and 3 tentacles.

Vanquished Creatures
  Rupert (Lair:4)
  A kraken (Shoals:1)
  Louise (Shoals:1)
  Snorg (D:14)
  An ettin (Orc:2)
  2 merfolk impalers (Shoals:1)
  A great orb of eyes (D:15)
  A rakshasa (D:15)
  Josephine (Orc:2)
  Harold (D:8)
  4 catoblepae
  A boulder beetle (D:14)
  An ogre mage (Orc:2)
  A catoblepas (shapeshifter) (D:15)
  15 hydras
  6 centaur warriors
  14 two-headed ogres
  A merfolk aquamancer (Shoals:1)
  A death knight (D:15)
  22 death yaks
  A deep troll shaman (Lair:6)
  A tengu warrior (D:11)
  3 orc high priests (Orc:2)
  Sonja (Orc:2)
  6 skeletal warriors
  A fire crab (shapeshifter) (D:11)
  2 sea snakes (Shoals:1)
  2 lindwurms (Lair:6)
  6 deep elf pyromancers
  A deep elf archer (Volcano)
  7 orc knights
  15 harpies (Shoals:1)
  4 oklob plants
  14 ugly things
  6 manticores
  3 fauns (Shoals:1)
  6 orc sorcerers
  12 cyclopes
  3 elephants (Lair:6)
  2 gargoyles
  A guardian serpent (Lair:2)
  2 rust devils (D:7)
  5 black mambas
  2 water nymphs (shapeshifter) (D:13)
  A torpor snail (Lair:2)
  4 water nymphs (Shoals:1)
  16 cane toads
  A kobold demonologist (D:11)
  2 efreet
  4 rime drakes
  Psyche (D:11)
  2 unseen horrors
  2 freezing wraiths
  7 yaktaurs
  2 ice devils (D:13)
  8 komodo dragons
  6 merfolk (Shoals:1)
  8 trolls
  4 polar bears
  4 hornets
  4 snapping turtles (Shoals:1)
  A raiju (shapeshifter) (D:13)
  13 slime creatures
  11 blink frogs
  12 dream sheep (Lair:6)
  A centaur simulacrum (D:14)
  2 shadows
  3 water elementals (Shoals:1)
  7 wraiths
  45 yaks
  2 fire elementals (Volcano)
  4 wyverns
  3 basilisks
  4 steam dragons
  A human (shapeshifter) (D:11)
  10 vampire mosquitoes
  Menkaure (D:6)
  4 wargs
  7 hell hounds (Volcano)
  2 acid dragons
  18 water moccasins
  Duvessa (D:6)
  A hornet zombie (D:8)
  A swamp drake (shapeshifter) (D:11)
  2 sky beasts
  26 orc warriors
  An ice beast (D:7)
  2 black bears
  7 ogres
  8 wolves
  15 centaurs
  A phantom (D:5)
  A kobold brigand (D:8)
  7 bullfrogs
  4 scorpions (D:5)
  Dowan (D:6)
  A wyvern skeleton (D:6)
  16 killer bees
  3 wights (D:9)
  3 howler monkeys
  3 electric eels (Lair:2)
  11 centaur zombies
  4 jellies
  A bullfrog zombie (D:6)
  A centaur skeleton (D:7)
  19 orc priests
  Crazy Yiuf (D:6)
  2 gnoll shamans
  2 iguanas
  25 orc wizards
  A killer bee zombie (D:6)
  2 hound skeletons
  10 gnolls
  4 adders
  A shadow imp (D:8)
  A white imp (D:4)
  2 ufetubi
  A worm (shapeshifter) (D:11)
  2 worms
  A dart slug (D:1)
  76 orcs
  6 bats
  9 endoplasms
  4 giant cockroaches
  6 goblins
  5 hobgoblins
  15 jackals
  7 quokkas
  A ball python (D:3)
  4 frilled lizards
  11 kobolds
  3 rats
  3 tentacles (Shoals:1)
755 creatures vanquished.

Vanquished Creatures (collateral kills)
  A blink frog (Lair:2)
  A foxfire (Lair:1)
2 creatures vanquished.

Vanquished Creatures (others)
  672 foxfires
  62 fungi
  128 plants
  12 tentacles (Shoals:1)
874 creatures vanquished.

Grand Total: 1631 creatures vanquished

Notes
Turn   | Place    | Note
-------+----------+-------------------------------------------
     0 | D:1      | raph the Deep Elf Fire Elementalist began the quest for the
                  | Orb.
     0 | D:1      | Reached XP level 1. HP: 10/10 MP: 6/6
   242 | D:1      | Reached XP level 2. HP: 10/15 MP: 0/8
   427 | D:1      | Reached skill level 2 in Conjurations
   953 | D:1      | Reached XP level 3. HP: 19/19 MP: 4/9
   964 | D:1      | Learned a level 3 spell: Conjure Flame
  1300 | D:1      | Found a faded altar of an unknown god.
  1521 | D:2      | Found a shimmering altar of Xom.
  1652 | D:2      | Identified a scroll of acquirement
  1652 | D:2      | Acquired a staff of fire
  1693 | D:2      | Reached skill level 3 in Conjurations
  1803 | D:2      | Reached XP level 4. HP: 24/24 MP: 5/10
  1906 | D:2      | Learned a level 4 spell: Sticky Flame
  2442 | D:3      | Found a hide-covered altar of Uskayaw.
  3004 | D:3      | Reached skill level 5 in Fire Magic
  3004 | D:3      | Reached XP level 5. HP: 28/28 MP: 0/11
  3118 | D:3      | Found an ornate altar of the Wu Jian Council.
  3231 | D:4      | Noticed a black bear
  3236 | D:4      | Killed a black bear
  3237 | D:4      | Reached skill level 1 in Armour
  3237 | D:4      | Reached skill level 4 in Conjurations
  3647 | D:4      | Reached XP level 6. HP: 29/32 MP: 8/12
  3898 | D:4      | Noticed a sky beast
  4026 | D:4      | Killed a sky beast
  4137 | D:5      | Entered Level 5 of the Dungeon
  4328 | D:5      | Reached skill level 5 in Conjurations
  4852 | D:5      | Reached XP level 7. HP: 36/36 MP: 7/13
  5027 | D:5      | Noticed madmanarnold's ghost (novice FoFi)
  5083 | D:5      | Found a transporter.
  5089 | D:5      | Found a transporter.
  5094 | D:5      | You fall into a shaft and drop 2 floors!
  5310 | D:5      | Reached skill level 6 in Conjurations
  5503 | D:5      | Found a radiant altar of Vehumet.
  5506 | D:5      | Became a worshipper of Vehumet
  5621 | D:5      | Found a staircase to the Ecumenical Temple.
  5817 | D:6      | Reached XP level 8. HP: 41/41 MP: 9/15
  5896 | D:6      | Noticed Dowan
  5896 | D:6      | Noticed Duvessa
  6149 | D:6      | Learned a level 5 spell: Fireball
  6452 | D:6      | Reached skill level 7 in Conjurations
  6722 | D:6      | Found a runed translucent door.
  6723 | D:6      | Noticed Crazy Yiuf
  6785 | D:6      | Killed Crazy Yiuf
  7320 | D:6      | Found a stormy altar of Qazlal.
  7333 | D:6      | Killed Duvessa
  7335 | D:6      | Killed Dowan
  7574 | D:6      | Found Looffa's CLEARANCE SALE! EVERYTHING MUST GO!.
  7577 | D:6      | Bought 2 potions of brilliance for 24 gold pieces
  7577 | D:6      | Bought a condenser vane for 120 gold pieces
  7670 | D:7      | Reached skill level 8 in Conjurations
  7714 | D:7      | Reached XP level 9. HP: 45/45 MP: 8/16
  8497 | D:6      | Noticed a rust devil
  8497 | D:6      | Noticed a rust devil
  8497 | D:6      | Noticed Menkaure
  8500 | D:6      | Reached skill level 9 in Conjurations
  8998 | D:8      | Reached skill level 10 in Fire Magic
  9008 | D:8      | Noticed Harold
  9044 | D:8      | Killed Harold
  9045 | D:8      | Reached skill level 10 in Conjurations
  9059 | D:8      | Reached * piety under Vehumet
  9059 | D:8      | Offered knowledge of Sandblast by Vehumet.
  9551 | D:8      | Learned a level 1 spell: Sandblast
  9582 | D:8      | Reached XP level 10. HP: 40/50 MP: 11/17
  9729 | D:8      | Found a shadowy altar of Dithmenos.
  9812 | D:8      | Acquired a +0 cloak of preservation
 10314 | D:8      | Noticed a purple ugly thing
 11181 | D:9      | Reached skill level 11 in Conjurations
 11726 | D:9      | Identified the +4 war axe "Nailleush" {freeze, Fly}
 11750 | D:9      | Found a snail-covered altar of Cheibriados.
 11904 | D:10     | Entered Level 10 of the Dungeon
 12006 | D:10     | Found a staircase to the Orcish Mines.
 12161 | D:10     | Reached skill level 1 in Evocations
 12309 | D:10     | Found a glowing silver altar of Zin.
 12342 | D:10     | Noticed a two-headed ogre
 12350 | D:10     | Killed a two-headed ogre
 12351 | D:10     | Reached skill level 1 in Fighting
 12351 | D:10     | Reached skill level 1 in Staves
 12487 | D:10     | Offered knowledge of Searing Ray by Vehumet.
 12596 | D:10     | Reached ** piety under Vehumet
 12724 | D:10     | Found a staircase to the Lair.
 13268 | Lair:1   | Entered Level 1 of the Lair of Beasts
 13296 | Lair:1   | Noticed a black mamba
 13299 | Lair:1   | Killed a black mamba
 13300 | Lair:1   | Reached skill level 5 in Spellcasting
 13302 | Lair:1   | Reached XP level 11. HP: 56/56 MP: 10/20
 13306 | Lair:1   | Noticed an eight-headed hydra
 13334 | Lair:1   | Killed an eight-headed hydra
 14052 | Lair:1   | Learned a level 1 spell: Animate Skeleton
 14058 | Lair:1   | Learned a level 5 spell: Lightning Bolt
 14243 | Lair:1   | Reached skill level 1 in Air Magic
 14796 | Lair:2   | Noticed a five-headed hydra
 14800 | Lair:2   | Killed a five-headed hydra
 15576 | Lair:2   | Offered knowledge of Dazzling Flash by Vehumet.
 15929 | Lair:2   | Reached skill level 12 in Conjurations
 15931 | Lair:2   | Reached *** piety under Vehumet
 15932 | Lair:2   | Reached skill level 5 in Dodging
 16343 | Lair:2   | Learned a level 3 spell: Dazzling Flash
 16349 | Lair:2   | Found a staircase to the Snake Pit.
 16412 | Lair:2   | Reached XP level 12. HP: 64/64 MP: 7/23
 16920 | Lair:3   | Found a staircase to the Shoals.
 16932 | Lair:3   | Acquired the ring of Siuqon {rF+++ rC+ MP+9 Int+2}
 17034 | Lair:3   | You fall into a shaft and drop 1 floor!
 17050 | Lair:4   | Noticed a six-headed hydra
 17444 | Lair:3   | Noticed a death yak
 17445 | Lair:3   | Noticed a death yak
 17446 | Lair:3   | Noticed a death yak
 17447 | Lair:3   | Noticed a death yak
 17448 | Lair:3   | Noticed a death yak
 17450 | Lair:3   | Noticed a death yak
 17451 | Lair:3   | Killed a death yak
 17451 | Lair:3   | Offered knowledge of Mephitic Cloud by Vehumet.
 17452 | Lair:3   | Killed a death yak
 17452 | Lair:3   | Killed a death yak
 17453 | Lair:3   | Reached skill level 5 in Armour
 17454 | Lair:3   | Killed a death yak
 17454 | Lair:3   | Killed a death yak
 17496 | Lair:2   | Killed a death yak
 17743 | Lair:3   | Noticed an eight-headed hydra
 17748 | Lair:3   | Killed an eight-headed hydra
 17923 | Lair:3   | Reached skill level 5 in Evocations
 18264 | Lair:3   | Got Sif Muna's Compendium of Beguiling and Arcane Weapons
 18277 | Lair:3   | Acquired 603 gold pieces
 18755 | Lair:3   | Identified the +11 trident of Lies {elec, Fly rC+ Will++
                  | Str-2}
 18756 | Lair:3   | Found a runed translucent door.
 18757 | Lair:3   | Noticed dragonscale333's ghost (journeyman DjIE)
 18984 | Lair:4   | Noticed an eight-headed hydra
 18988 | Lair:4   | You fall into a shaft and drop 1 floor!
 19086 | Lair:4   | Learned a level 3 spell: Mephitic Cloud
 19101 | Lair:4   | Noticed a five-headed hydra
 19108 | Lair:4   | Killed a five-headed hydra
 19261 | Lair:4   | Killed an eight-headed hydra
 19270 | Lair:4   | Reached XP level 13. HP: 68/70 MP: 24/28
 19280 | Lair:4   | Reached **** piety under Vehumet
 19281 | Lair:4   | Reached skill level 5 in Staves
 19578 | Lair:4   | Offered knowledge of Lee's Rapid Deconstruction by Vehumet.
 19754 | Lair:4   | Noticed Rupert
 19756 | Lair:4   | Learned a level 5 spell: Freezing Cloud
 19760 | Lair:4   | Killed Rupert
 20208 | Lair:5   | Reached skill level 10 in Spellcasting
 20610 | Lair:5   | Reached skill level 5 in Air Magic
 21322 | Lair:5   | Reached ***** piety under Vehumet
 21852 | Lair:6   | Entered Level 6 of the Lair of Beasts
 21855 | Lair:6   | Offered knowledge of Bolt of Magma by Vehumet.
 22030 | Lair:6   | Reached skill level 13 in Conjurations
 22031 | Lair:6   | Reached skill level 5 in Fighting
 22333 | Lair:6   | Learned a level 4 spell: Iskenderun's Mystic Blast
 22364 | Lair:6   | Found a dark tunnel.
 22371 | Volcano  | Entered a volcano
 22495 | Volcano  | Reached XP level 14. HP: 77/78 MP: 30/31
 23307 | Lair:6   | Learned a level 5 spell: Bolt of Magma
 23740 | Lair:6   | Found a staircase to the Slime Pits.
 25312 | D:7      | Found a shimmering blue altar of Sif Muna.
 25351 | D:7      | Learned a level 1 spell: Apportation
 25500 | D:7      | Acquired a staff of conjuration
 25511 | D:7      | Found Ogulem's Assorted Antiques.
 25517 | D:7      | Bought a scroll of enchant armour for 157 gold pieces
 25517 | D:7      | Bought a bone ring for 105 gold pieces
 25517 | D:7      | Bought a potion of invisibility for 168 gold pieces
 25517 | D:7      | Bought a potion of resistance for 210 gold pieces
 25807 | D:6      | Killed Menkaure
 26095 | Orc:1    | Entered Level 1 of the Orcish Mines
 26100 | Orc:1    | Reached skill level 1 in Hexes
 27396 | Orc:2    | Entered Level 2 of the Orcish Mines
 27399 | Orc:2    | Noticed Sonja
 27402 | Orc:2    | Killed Sonja
 27735 | Orc:2    | Found Zihunufe's Weapon Boutique.
 27947 | Orc:2    | Reached ****** piety under Vehumet
 28221 | Orc:2    | Found a staircase to the Elven Halls.
 28260 | Orc:2    | Found Iqolaoco's Weapon Emporium.
 28326 | Orc:2    | Noticed Josephine
 28330 | Orc:2    | Killed Josephine
 28331 | Orc:2    | Offered knowledge of Starburst by Vehumet.
 28331 | Orc:2    | Paralysed by an orc sorcerer for 2 turns
 28338 | Orc:2    | Reached XP level 15. HP: 75/84 MP: 31/34
 28375 | Orc:2    | Found Miownel's Assorted Antiques.
 28375 | Orc:2    | Found Buexocesom's Distillery.
 28376 | Orc:2    | Found Rudu's Armour Shop.
 28376 | Orc:2    | Found Ytzuck's Magic Scroll Shop.
 28399 | Orc:2    | Bought a potion of curing for 51 gold pieces
 28409 | Orc:2    | Bought a +0 buckler of reflection for 127 gold pieces
 28411 | Orc:2    | Bought a viscous coppery potion for 35 gold pieces
 28411 | Orc:2    | Bought a scroll of blinking for 292 gold pieces
 28421 | Orc:2    | Bought a scroll of identify for 24 gold pieces
 28421 | Orc:2    | Bought a scroll of identify for 24 gold pieces
 28421 | Orc:2    | Bought a scroll of immolation for 42 gold pieces
 28422 | Orc:2    | Reached skill level 14 in Conjurations
 28422 | Orc:2    | Reached XP level 16. HP: 88/88 MP: 35/35
 28429 | Orc:2    | Bought a potion of cancellation for 136 gold pieces
 28431 | Orc:2    | Bought a scroll of magic mapping for 42 gold pieces
 28431 | Orc:2    | Bought 2 scrolls of teleportation for 72 gold pieces
 28431 | Orc:2    | Bought a scroll of teleportation for 36 gold pieces
 28652 | Orc:2    | Found Kasagisa's Distillery.
 28659 | Orc:2    | Bought a potion of heal wounds for 75 gold pieces
 28659 | Orc:2    | Bought a potion of heal wounds for 75 gold pieces
 28659 | Orc:2    | Bought a potion of magic for 120 gold pieces
 28659 | Orc:2    | Bought a potion of brilliance for 60 gold pieces
 28659 | Orc:2    | Bought a potion of invisibility for 120 gold pieces
 28659 | Orc:2    | Bought a potion of resistance for 150 gold pieces
 29171 | Orc:1    | Found Tuhor's Assorted Antiques.
 29179 | Orc:1    | Bought a potion of heal wounds for 130 gold pieces
 29179 | Orc:1    | Bought a silvery potion for 23 gold pieces
 29179 | Orc:1    | Bought a potion of curing for 78 gold pieces
 29179 | Orc:1    | Bought a potion of curing for 78 gold pieces
 29179 | Orc:1    | Bought a potion of brilliance for 104 gold pieces
 29179 | Orc:1    | Bought a scroll of magic mapping for 91 gold pieces
 29251 | D:11     | Noticed Garym's ghost (journeyman MiGl)
 29254 | D:11     | Found a runed translucent door.
 29706 | D:11     | Identified the +8 broad axe of Taenepp {freeze, rF+ rCorr
                  | Int+3}
 30635 | D:11     | Offered knowledge of Eringya's Noxious Bog by Vehumet.
 31089 | D:11     | Noticed Psyche
 31093 | D:11     | Killed Psyche
 31279 | D:11     | Found the +2 hood of the Assassin {Detection Stab+ Stlth++}
 31283 | D:11     | Identified the ring of Moral Flaws {Drain rPois rC+ Dex+3}
 31337 | D:11     | Got the Collected Works on the Supportive Snowflakes
 31344 | D:11     | Reached skill level 10 in Dodging
 31684 | D:11     | Learned a level 5 spell: Metabolic Englaciation
 32827 | D:12     | Noticed a storm dragon
 32827 | D:12     | Noticed a tengu reaver
 32829 | D:12     | Found a runed translucent door.
 32831 | D:12     | Noticed a storm dragon
 32831 | D:12     | Noticed a tengu reaver
 32923 | D:12     | You fall into a shaft and drop 1 floor!
 32924 | D:13     | Found a portal to a secret trove of treasure.
 33525 | D:13     | Found a gate to the Vaults.
 33693 | D:13     | Offered knowledge of Conjure Ball Lightning by Vehumet.
 34123 | D:13     | Acquired a +2 pair of boots of stealth
 35096 | D:14     | Found Tiresh's Assorted Antiques.
 35115 | D:14     | Bought a scroll labelled PUHOOWIREU for 34 gold pieces
 35115 | D:14     | Bought a scroll labelled LOWIEM AXUA for 34 gold pieces
 35219 | D:14     | Bought a pair of ichor-stained gloves for 323 gold pieces
 35219 | D:14     | Identified the +0 pair of gloves of Urovinywk {rPois
                  | Regen+} (You bought it in a shop on level 14 of the
                  | Dungeon)
 35505 | D:14     | Reached XP level 17. HP: 96/96 MP: 24/37
 35711 | D:14     | Noticed Snorg
 35718 | D:14     | Killed Snorg
 35941 | D:14     | Found a white marble altar of Elyvilon.
 36074 | D:15     | Entered Level 15 of the Dungeon
 36172 | D:15     | Reached skill level 15 in Conjurations
 36243 | D:15     | Found Binicem's Armour Shop.
 36263 | D:15     | Found Uwuos's Assorted Antiques.
 36509 | D:15     | Offered knowledge of Orb of Destruction by Vehumet.
 36612 | D:14     | Learned a level 7 spell: Orb of Destruction
 36629 | D:15     | Found Qeniff's Antique Weapon Shoppe.
 36716 | D:15     | Found a burning altar of Makhleb.
 36854 | D:15     | Found Cyequegharr's Distillery.
 37512 | D:15     | Found a staircase to the Depths.
 38171 | Shoals:1 | Entered Level 1 of the Shoals
 38826 | Shoals:1 | Identified the +3 quarterstaff "Impbane" {drain, rCorr}
 38832 | Shoals:1 | Offered knowledge of Iskenderun's Battlesphere by Vehumet.
 38875 | Shoals:1 | Noticed a kraken
 39081 | Shoals:1 | Noticed a kraken
 39222 | Shoals:1 | Noticed Louise
 39231 | Shoals:1 | Killed Louise
 39508 | Shoals:1 | Killed a kraken
 39587 | Shoals:1 | Slain by a tentacle

Illustrated notes

Levels and vault maps discovered:
D:1:      lightli_arrival_chessboard, layout_loops_corners,
          ebering_ecumenical_altar_rust, minmay_misc_feat_rows
D:2:      layout_basic, basic_altar
D:3:      layout_basic, nicolae_overflow_hidden_temple
D:4:      layout_loops_ring
D:5:      layout_rooms, kennysheep_mini_moat, minmay_temple_entry_metal_lava,
          gammafunk_ghost_mausoleum
D:6:      cheibrodos_iron_armory, layout_loops_ring, overflow_temple_1_default,
          nicolae_shop_clearance, uniq_menkaure, uniq_crazy_yiuf_cottage,
          uniq_duvessa
D:7:      layout_rooms, mainiacjoe_overflow_small_starburst, serial_shops,
          shop_fountains, lemuel_flame_loot_1
D:8:      layout_basic, grunt_dithmenos_smoke, minmay_misc_feat_secret_circle,
          uniq_harold
D:9:      layout_roguey, lemuel_round_altar
D:10:     layout_irregular_city, mainiacjoe_overflow_surrounded_room,
          david_lair_shrubbed, orc_0_dummy, kennysheep_generic_room_4
D:11:     minmay_the_grid_octo_2x2 [minmay_the_grid_octo_focus,
          minmay_the_grid_octo_checkerflower,
          minmay_the_grid_octo_thin_diamonds,
          minmay_the_grid_octo_prize_ultimate_mussel_roller], layout_loops_ring,
          hellmonk_ghost_happy_afterlife, small_chamber_with_monster,
          evilmike_minifort, uniq_psyche
D:12:     minmay_gate_of_8, layout_rooms
D:13:     layout_loops_corners, david_vaults_2, portal_ice_cave_demonic_guard,
          enter_trove_2, hangedman_abyss_or_decor_passed
D:14:     layout_basic, serial_shops, nicolae_shop_overgrown_old_shop,
          elyvilon_altar_3, uniq_snorg
D:15:     gammafunk_enter_depths_forms, layout_irregular_city, serial_shops,
          nicolae_inconvenience_store, shop, shop, nicolae_shop_behind_doors,
          bloody_makhleb
Lair:1:   layout_long_grid, grunt_megastairs_1
Lair:2:   layout_cave_pods, minmay_snake_entry_spellcaster,
          serial_bayou_shore_b, infiniplex_staircase_pool, serial_bayou_shore_b,
          serial_bayou_shore_a
Lair:3:   layout_cave_pods, shoals_dummy_entry, ebering_ghost_funeral_grove,
          minmay_lair_oklob_chamber
Lair:4:   layout_small_grid, uniq_rupert
Lair:5:   layout_roguey, lemuel_fruit_fields, grunt_megastairs_4,
          infiniplex_staircase_pool_2
Lair:6:   grunt_lair_end_beastmaster, layout_cave_pods,
          minmay_slime_entry_pillars, nicolae_volcano_entry_s_turn,
          grunt_megastairs_2
Shoals:1: layout_shoals, dpeg_stationary_puzzle, uniq_louise
Orc:1:    minmay_goldmine, layout_caves, serial_shops, nicolae_square_shop
Orc:2:    st_orc_elflike, layout_caves, serial_shops, nicolae_diamond_shop,
          nicolae_shop_statue_plus, shop, uniq_josephine, uniq_sonja

Skill      XL: |  1  2  3  4  5  6  7  8  9 10 11 12 13 14 15 16 17 |
---------------+----------------------------------------------------+-----
Conjurations   | 2 3 4 5 6 8 10 11 12 13 14 15 | 15.5
Fire Magic     | 4 5 6 7 9 10 12 | 12.9
Armour         | 1 2 3 4 5 6 7 8 |  8.5
Spellcasting   | 5 6 9 11 13 14 | 14.9
Evocations     | 2 3 5 6 7 |  7.6
Fighting       | 1 2 4 5 6 7 |  7.6
Staves         | 1 3 4 6 7 8 9 |  9.1
Dodging        | 3 5 6 8 9 10 11 | 11.0
Air Magic      | 2 4 5 6 8 |  8.8
Shields        | 4 |  4.0
Hexes          | 2 6 7 9 |  9.1
Stealth        | |  2.4

Action                   |  1- 3 |  4- 6 |  7- 9 | 10-12 | 13-15 | 16-18 || total
-------------------------+-------+-------+-------+-------+-------+-------++-------
Melee: Unarmed           |     5 |       |       |       |       |       ||     5
       Staff             |       |    10 |    28 |     7 |    38 |    55 ||   138
       War axe           |       |       |       |       |       |     2 ||     2
 Cast: Foxfire           |    76 |   106 |   122 |    81 |    14 |       ||   399
       Sticky Flame      |       |     3 |    18 |    21 |    27 |    35 ||   104
       Fireball          |       |       |    21 |   130 |   123 |   169 ||   443
       Conjure Flame     |       |       |     3 |       |       |     2 ||     5
       Animate Skeleton  |       |       |       |     2 |     5 |     2 ||     9
       Lightning Bolt    |       |       |       |     3 |   101 |   139 ||   243
       Freezing Cloud    |       |       |       |       |     7 |     4 ||    11
       Iskenderun's Myst |       |       |       |       |    13 |    15 ||    28
       Apportation       |       |       |       |       |    12 |     2 ||    14
       Bolt of Magma     |       |       |       |       |     2 |    15 ||    17
       Metabolic Englaci |       |       |       |       |       |    13 ||    13
       Orb of Destructio |       |       |       |       |       |     9 ||     9
Evoke: Wand              |       |       |       |       |       |     3 ||     3
  Use: Scroll            |     6 |     8 |     8 |    13 |    10 |     6 ||    51
       Potion            |       |     1 |     1 |     1 |     4 |     2 ||     9
 Stab: Sleeping          |       |       |       |       |     1 |     1 ||     2
Armor: Robe              |     1 |       |       |       |       |       ||     1
       Leather armour    |       |    18 |    33 |       |       |       ||    51
       Steam dragon scal |       |       |       |    23 |    31 |    75 ||   129
Dodge: Dodged            |     5 |    42 |    43 |    30 |    85 |   138 ||   343
Block: Buckler           |       |       |       |     8 |    23 |    50 ||    81
       Reflection        |       |       |       |       |       |     8 ||     8
